 Dungeon Crawl Stone Soup version 0.17-a0-1-g1f4be75 (console) character file.

120883 Fusha the Unseen (level 17, 0/81 HPs)
             Began as a Human Enchanter on Mar 6, 2015.
             Was an Initiate of Gozag.
             Killed from afar by a hell hog (2 damage)
             ... with a sticky flame
             ... on level 1 of the Abyss on Mar 7, 2015.
             The game lasted 04:07:22 (43062 turns).

Fusha the Unseen (Human Enchanter)                 Turns: 43062, Time: 04:07:23

Health: 0/81       AC: 11    Str:  4    XL:     17   Next: 38%
Magic:  4/25       EV: 19    Int: 19    God:    Gozag
Gold:   10459      SH:  0    Dex: 10    Spells: 12 memorised, 0 levels left

rFire  . . .     SeeInvis .     k - +9 dagger (drain)
rCold  . . .     Rnd*Rage +     A - +3 leather armour {rPois}
rNeg   . . .     SustAb   .     R - +0 buckler
rPois  +         Gourm    .     z - +2 helmet
rElec  +         Spirit   .     v - +2 cloak {+Inv}
rCorr  .         Warding  .     n - +0 pair of gloves "Icanur" {+Blink rElec Stlth-}
rMut   .         Rnd*Tele +     (no boots)
MR     +....                    i - amulet of regeneration
Stlth  +.........               b - +5 ring of evasion
                                l - ring of wizardry

@: confused, liquid flames, glowing, somewhat resistant to hostile enchantments,
very unstealthy
A: berserk 3, blurry vision 3, clumsy 2, deformed body, deterioration 1, dopey
2, frail 3, low mp 3, screaming 3, slow healing 1, teleportitis 1, weak 2,
forlorn, placid magic 2, MP-powered wands 3
a: Potion Petition, Call Merchant, Bribe Branch, Renounce Religion, Evoke Blink,
Evoke Invisibility


You were on level 1 of the Abyss.
You worshipped Gozag.
Gozag was noncommittal.
You were completely stuffed.

You visited 4 branches of the dungeon, and saw 28 of its levels.
You visited the Abyss 1 time.
You also visited: Labyrinth and Volcano.

You collected 11931 gold pieces.
You spent 1363 gold pieces at shops.
You paid 109 gold pieces to Gozag.

Inventory:

Hand weapons
 k - a +9 dagger of draining (weapon)
Armour
 n - the +0 pair of gloves "Icanur" (worn) {+Blink rElec Stlth-}
   (You acquired it on level 5 of the Lair of Beasts)

   It insulates you from electricity.
   It lets you blink.
   It makes you less stealthy.
 v - a +2 cloak of invisibility (worn)
 z - a +2 helmet (worn)
 A - a +3 leather armour of poison resistance (worn)
 C - a +3 leather armour of positive energy
 R - a +0 buckler (worn)
Magical staves
 L - an uncursed staff of summoning
Jewellery
 b - a +5 ring of evasion (right hand)
 i - an amulet of regeneration (around neck)
 l - a ring of wizardry (left hand)
 p - an uncursed ring of protection from cold
 F - an uncursed ring of positive energy
 H - an uncursed ring of positive energy
 Q - an uncursed ring of teleportation
 W - an uncursed amulet of resist corrosion
Magical devices
 d - a wand of random effects (28)
 y - a wand of lightning (8)
 B - a wand of confusion (21)
 I - a wand of draining (2)
 P - a wand of cold (9)
 Y - a wand of draining (7)
 Z - a wand of lightning (11)
Scrolls
 e - 2 scrolls of teleportation
 f - 5 scrolls of amnesia
 m - 5 scrolls of fog
 o - a scroll of fear
 r - 3 scrolls of identify
 w - 5 scrolls of blinking
 K - 3 scrolls of remove curse
 M - 2 scrolls of silence
Potions
 h - 2 potions of might
 j - a potion of flight
 q - 2 potions of magic
 s - 5 potions of haste
 t - a potion of ambrosia
 u - a potion of berserk rage
 x - 8 potions of brilliance
 D - 2 potions of lignification
 E - a potion of agility
 G - 4 potions of curing
 N - 3 potions of restore abilities
 T - 2 potions of resistance
Books
 a - a book of Necromancy

   Spells                             Type                      Level
   a - Pain                           Necromancy                   1
   b - Animate Skeleton               Necromancy                   1
   c - Vampiric Draining              Necromancy                   3
   d - Regeneration                   Charms/Necromancy            3
   e - Animate Dead                   Necromancy                   4
   f - Control Undead                 Necromancy                   4
 S - a book of Minor Magic

   Spells                             Type                      Level
   a - Magic Dart                     Conjuration                  1
   b - Blink                          Translocation                2
   c - Call Imp                       Summoning                    2
   d - Repel Missiles                 Charms/Air                   2
   e - Slow                           Hexes                        2
   f - Conjure Flame                  Conjuration/Fire             3
   g - Mephitic Cloud                 Conjuration/Poison/Air       3
Miscellaneous
 c - a lamp of fire
Comestibles
 J - 7 bread rations


   Skills:
 + Level 5.9 Fighting
 + Level 6.2 Short Blades
 + Level 1.2 Throwing
 + Level 10.1 Dodging
 + Level 16.9 Stealth
 - Level 4.0 Shields
 + Level 13.5 Spellcasting
 + Level 1.9 Conjurations
 + Level 13.9 Hexes
 + Level 4.2 Charms
 + Level 0.2 Summonings
 + Level 0.8 Translocations
 - Level 4.0 Ice Magic


You couldn't memorise any spells.
You knew the following spells:

 Your Spells              Type           Power        Failure   Level  Hunger
a - Fulminant Prism       Conj/Hex       ###.......   1%          4    None
b - Sure Blade            Hex/Chrm       ###.......   0%          2    None
c - Ensorcelled Hibernat  Hex/Ice        ###...       0%          2    None
d - Confuse               Hex            ####....     0%          3    None
e - Dazzling Spray        Conj/Hex       ###.....     0%          3    None
f - Enslavement           Hex            ####....     0%          4    None
g - Cause Fear            Hex            ####......   0%          4    None
h - Tukima's Dance        Hex            ####....     0%          3    None
i - Invisibility          Hex            ####....     1%          6    #####..
j - Summon Mana Viper     Hex/Summ       ###.....     1%          5    ####...
k - Shroud of Golubria    Chrm/Tloc      ##........   1%          2    None
l - Gell's Gravitas       Hex/Tloc       ###.......   1%          5    ####...


Dungeon Overview and Level Annotations

Branches:
Dungeon (15/15)            Temple (1/1) D:4            Lair (8/8) D:10
  Swamp (0/5) Lair:4        Snake (0/5) Lair:3        Slime (0/6) Lair:8
    Orc (4/4) D:11            Elf (0/3) Orc:4        Vaults (0/5) D:13
 Depths (0/5) D:15

Altars:
Ashenzari
Cheibriados
Dithmenos
Elyvilon
Fedhas
Gozag
Kikubaaqudgha
Makhleb
Nemelex Xobeh
Okawaru
Qazlal
Ru
Sif Muna
Trog
Vehumet
Xom
Yredelemnul
Zin
The Shining One

Shops:
D:5 :%%}   D:13 *   Orc:1 %??[!   Orc:4 (*%(?

Portals:
Trove: D:14 (give 6 potions of haste)

Annotations:
Lair:7 gold behind walls and water


Innate Abilities, Weirdness & Mutations

[You have an uncontrollable temper.]
[Scrolls take you much longer to read.]
[You are very clumsy. (Dex -4)]
[Armour fits poorly on your strangely shaped body.]
[Your body is slowly deteriorating.]
[You are very dopey. (Int -4)]
[You are extremely frail (-30% HP).]
[Your magical capacity is extremely low (-30% MP).]
[You frequently scream uncontrollably at your foes.]
[You heal slowly when monsters are visible.]
[Space occasionally distorts in your vicinity.]
[You are very weak. (Str -4)]
[You have difficulty communicating with the divine.]
[Your spells are easier to cast, but less powerful.]
[You expend magic power (9 MP) to make your wands much stronger.]


Message History

The hell hog sprays you with burning goo.
The sticky flame hits you!
You are covered in liquid flames!
* * * LOW HITPOINT WARNING * * *
Drink which item? (? for menu, Esc to quit)
You are confused.
You feel invigorated.
You are covered in liquid flames!
* * * LOW HITPOINT WARNING * * *
The hell hog bites you!
* * * LOW HITPOINT WARNING * * *
The raiju misses you.
The hell hog sprays you with burning goo.
The sticky flame hits you!
You are covered in liquid flames!
The hell hog sprays you with burning goo.
The sticky flame hits you!
You are covered in liquid flames!
You die...
Your body crumbles into a pile of gold.

.. # . ## ##. .
. ##..... #
...# ...#.#.# .
...###.#.#. ##
# #.#..#. ..
#... #....
§.#§...#
#.#.##hL..# ..
# #.3h@hh#
#.#.#...###h..#
....##...# ..#
#.##.## ...
..## #.# ... .
.. ... . # .. .
# .. # .# # #.
h#.#


You could see an unborn, 4 hell hogs, a smoke demon and a raiju.

Vanquished Creatures
  A sphinx (D:15)
  A fire giant (D:15)
  Louise (D:14)
  A fire dragon (D:15)
  2 yaktaur captains (D:15)
  8 vault guards
  A minotaur (Lab)
  Fannar (Lair:2)
  4 centaur warriors
  6 hydras
  3 catoblepae
  Erica (Lair:7)
  3 ogre magi
  2 tengu warriors (D:15)
  7 death yaks
  A wretched star (Abyss:1)
  A deep elf knight (D:15)
  2 unseen horrors (D:15)
  5 hill giants
  A deep troll (D:15)
  An orc knight (D:15)
  An orc sorcerer (Orc:4)
  12 ugly things
  A lindwurm (Lair:8)
  A wolf spider (D:15)
  4 manticores
  5 black mambas
  A wizard (D:15)
  11 cyclopes
  A draconian (shapeshifter) (D:15)
  3 griffons
  15 elephants
  Maurice (D:11)
  Joseph (D:7)
  4 centaur zombies
  A torpor snail (Lair:8)
  16 spiny frogs
  A gargoyle (D:15)
  3 kobold demonologists (D:13)
  9 trolls
  A fire drake (Lair:7)
  13 komodo dragons
  A yaktaur (D:15)
  20 blink frogs
  A freezing wraith (D:15)
  An ancient zyme (Abyss:1)
  A tengu conjurer (D:14)
  A deep elf priest (D:15)
  2 giant leeches (Lair:4)
  Prince Ribbit (D:7)
  A blink frog (shapeshifter) (D:13)
  A harpy skeleton (D:15)
  6 slime creatures
  4 boulder beetles
  2 raiju (Abyss:1)
  5 ravens
  64 yaks
  8 two-headed ogres
  A shadow (D:14)
  A redback (D:15)
  A trapdoor spider (D:10)
  A basilisk (Lair:4)
  4 wraiths
  A fire bat (Volcano)
  A centaur simulacrum (D:15)
  4 hungry ghosts
  A large abomination (Abyss:1)
  4 wyverns
  A chaos spawn (Abyss:1)
  Eustachio (Orc:1)
  3 deep elf magi
  A fire elemental (Abyss:1)
  17 hippogriffs
  2 mottled dragons
  A soldier ant (D:13)
  Edmund (D:7)
  Menkaure (D:4)
  5 wolves (Lair:6)
  A warg (Orc:4)
  3 nagas (Lair:3)
  A swamp worm (Lair:4)
  8 vampire mosquitoes
  19 water moccasins
  A soldier ant (shapeshifter) (D:15)
  11 porcupines
  34 ogres
  2 eyes of draining
  A phantom (D:5)
  A black bear (D:10)
  8 ice beasts
  6 sky beasts
  14 orc warriors
  23 centaurs
  5 boring beetles
  Duvessa (Orc:1)
  A brain worm (D:12)
  15 crocodiles
  29 giant frogs
  4 big kobolds
  A gnoll sergeant (D:10)
  Blork the orc (D:6)
  6 scorpions
  13 killer bees
  2 wyvern skeletons
  19 wights
  2 spriggan skeletons (D:10)
  2 electric eels
  A troll skeleton (D:10)
  2 quasits
  9 crimson imps
  2 giant frog zombies
  2 lava snakes (Volcano)
  Dowan (Orc:1)
  14 orc priests
  6 goliath beetles
  10 hounds
  17 orc wizards
  5 giant frog skeletons
  7 centaur skeletons
  4 jellies
  6 iguanas
  13 worker ants
  31 sheep
  2 hound zombies (D:6)
  3 worker ant zombies
  73 river rats
  14 gnolls
  31 adders
  A giant mite (D:7)
  6 shadow imps
  3 worms
  An adder zombie (D:7)
  2 adder skeletons
  6 oozes
  178 orcs
  5 giant cockroaches
  30 goblins
  23 hobgoblins
  10 jackals
  13 quokkas
  17 bats
  5 giant geckos
  A giant gecko skeleton (D:4)
  6 giant newts
  3 giant spores
  A goblin zombie (D:3)
  29 kobolds
  17 rats
  32 ballistomycetes
  A butterfly (D:13)
1206 creatures vanquished.

Vanquished Creatures (collateral kills)
  3 ogre magi
  A wretched star (Abyss:1)
  5 two-headed ogres
  A gargoyle (D:15)
  A fire drake (Lair:1)
  A water elemental (Abyss:1)
  A phantom (D:12)
  3 ogres
  A jelly (D:12)
17 creatures vanquished.

Vanquished Creatures (others)
  A thrashing horror (Abyss:1)
  An unseen horror (D:15)
  2 hill giants
  3 two-headed ogres (Orc:4)
  A water moccasin (Lair:8)
  6 ogres (Orc:4)
  A centaur (D:15)
  2 crocodiles (Lair:8)
  2 mummies
  An orc (Orc:1)
  2 giant spores
  4 fungi (Lair:5)
26 creatures vanquished.

Grand Total: 1249 creatures vanquished

Notes
Turn   | Place    | Note
--------------------------------------------------------------
     0 | D:1      | Fusha, the Human Enchanter, began the quest for the Orb.
     0 | D:1      | Reached XP level 1. HP: 13/13 MP: 3/3
   371 | D:1      | Reached XP level 2. HP: 19/19 MP: 2/4
   375 | D:1      | Learned a level 2 spell: Sure Blade
   378 | D:1      | Learned a level 2 spell: Ensorcelled Hibernation
   981 | D:1      | Reached XP level 3. HP: 12/25 MP: 3/6
  2013 | D:2      | Reached skill level 1 in Fighting
  2069 | D:2      | Reached XP level 4. HP: 28/32 MP: 1/8
  2966 | D:2      | Reached XP level 5. HP: 34/37 MP: 6/9
  3626 | D:3      | Found a glowing golden altar of the Shining One.
  3676 | D:3      | Reached skill level 4 in Stealth
  3823 | D:4      | Noticed Menkaure
  3885 | D:4      | Reached XP level 6. HP: 39/43 MP: 6/11
  3958 | D:4      | Found a sparkling altar of Nemelex Xobeh.
  3981 | D:4      | Reached skill level 1 in Ice Magic
  4731 | D:4      | Reached XP level 7. HP: 49/49 MP: 10/13
  4752 | D:4      | Learned a level 3 spell: Confuse
  4756 | D:4      | Learned a level 3 spell: Dazzling Spray
  4787 | D:4      | Noticed an ogre
  5005 | D:4      | Killed an ogre
  5005 | D:4      | Reached skill level 1 in Throwing
  5684 | D:4      | Killed Menkaure
  5684 | D:4      | Reached skill level 5 in Stealth
  5974 | D:4      | Found a staircase to the Ecumenical Temple.
  6035 | D:4      | Reached XP level 8. HP: 40/56 MP: 15/17
  6542 | D:5      | Entered Level 5 of the Dungeon
  6617 | D:5      | Found Mokur's Food Emporium.
  6628 | D:5      | Found Phaama's Gadget Boutique.
  6710 | D:5      | Found Itzaomiu's Book Shoppe.
  6814 | D:5      | Found Tweoptit's Food Shop.
  7304 | D:5      | Reached skill level 6 in Stealth
  7304 | D:5      | Reached skill level 5 in Hexes
  7468 | Temple   | Entered the Ecumenical Temple
  7704 | Temple   | Became a worshipper of Gozag Ym Sagoz the Greedy
  8417 | D:6      | Noticed Blork the orc
  8438 | D:6      | Killed Blork the orc
  8554 | D:6      | Reached XP level 9. HP: 46/62 MP: 9/20
  9193 | D:6      | Learned a level 4 spell: Enslavement
  9282 | D:6      | Reached skill level 5 in Spellcasting
  9345 | D:7      | Noticed Prince Ribbit
  9421 | D:7      | Noticed Joseph
  9571 | D:7      | Reached skill level 7 in Stealth
 10455 | D:7      | Found a basalt altar of Yredelemnul.
 10456 | D:7      | Found a radiant altar of Vehumet.
 10464 | D:7      | Found an iron altar of Okawaru.
 10465 | D:7      | Found a stormy altar of Qazlal.
 10465 | D:7      | Found a shadowy altar of Dithmenos.
 10469 | D:7      | Found a white marble altar of Elyvilon.
 10627 | D:7      | Killed Joseph
 10627 | D:7      | Reached skill level 1 in Charms
 11159 | D:7      | Noticed Edmund
 11164 | D:7      | Killed Edmund
 11217 | D:7      | Reached skill level 8 in Stealth
 11217 | D:7      | Reached XP level 10. HP: 59/68 MP: 15/23
 11982 | D:5      | Bought a meat ration for 65 gold pieces
 11982 | D:5      | Bought a bread ration for 65 gold pieces
 11982 | D:5      | Bought 3 beef jerkies for 58 gold pieces
 12258 | D:7      | Killed Prince Ribbit
 12621 | D:8      | Reached skill level 5 in Dodging
 13160 | D:8      | Found an ancient bone altar of Kikubaaqudgha.
 13862 | D:7      | Found a basalt altar of Yredelemnul.
 13901 | D:8      | Found a sacrificial altar of Ru.
 14507 | D:10     | Entered Level 10 of the Dungeon
 14686 | D:9      | Reached skill level 9 in Stealth
 14937 | D:9      | Reached XP level 11. HP: 72/75 MP: 20/26
 15097 | D:9      | Found an ancient bone altar of Kikubaaqudgha.
 15163 | D:9      | Learned a level 4 spell: Cause Fear
 15221 | D:9      | Learned a level 3 spell: Tukima's Dance
 15345 | D:9      | Found a glowing silver altar of Zin.
 15345 | D:9      | Noticed an angel
 15960 | D:10     | Found a staircase to the Lair.
 15961 | D:10     | Noticed an elephant
 16001 | D:10     | Killed an elephant
 16001 | D:10     | Reached skill level 10 in Stealth
 16310 | D:10     | Found a runed door.
 16894 | D:11     | Noticed a seven-headed hydra
 17015 | Lair:1   | Entered Level 1 of the Lair of Beasts
 17167 | Lair:1   | Reached XP level 12. HP: 78/82 MP: 29/29
 17182 | Lair:1   | Reached skill level 11 in Stealth
 17386 | Lair:1   | Found a labyrinth entrance.
 17394 | Lab      | Entered a labyrinth
 17660 | Lab      | Noticed a minotaur
 17677 | Lab      | Killed a minotaur
 17689 | Lab      | Identified the Grimoire of Curses (You found it in a labyrinth)
 17694 | Lab      | Identified the Guide on Lucky Orientation (You found it in a labyrinth)
 17702 | Lab      | Learned a level 6 spell: Invisibility
 18694 | Lair:2   | Noticed Fannar
 18956 | Lair:2   | Killed Fannar
 18956 | Lair:2   | Reached skill level 1 in Conjurations
 18965 | Lair:2   | You fall through a shaft for 2 floors!
 19684 | Lair:2   | Learned a level 1 spell: Animate Skeleton
 20078 | Lair:3   | Found a staircase to the Snake Pit.
 20550 | Lair:3   | Reached skill level 10 in Hexes
 20609 | Lair:3   | Reached skill level 12 in Stealth
 21330 | Lair:4   | Noticed a catoblepas
 21809 | Lair:3   | Noticed a four-headed hydra
 21825 | Lair:3   | Killed a four-headed hydra
 21825 | Lair:3   | Reached XP level 13. HP: 88/88 MP: 27/31
 22276 | Lair:4   | Found a staircase to the Swamp.
 22447 | Lair:5   | Reached skill level 10 in Spellcasting
 22456 | Lair:5   | Learned a level 4 spell: Fulminant Prism
 22640 | Lair:5   | Noticed a death yak
 22649 | Lair:5   | Noticed a death yak
 22650 | Lair:5   | Noticed a death yak
 22655 | Lair:5   | Killed a death yak
 22936 | Lair:5   | Identified a scroll of acquirement
 22937 | Lair:5   | Got a pair of shimmering gloves
 22948 | Lair:5   | Identified the +0 pair of gloves "Icanur" {+Blink rElec Stlth-} (You acquired it on level 5 of the Lair of Beasts)
 23929 | Lair:5   | Killed a death yak
 24237 | Lair:5   | Reached skill level 13 in Stealth
 25810 | Lair:6   | Reached XP level 14. HP: 90/96 MP: 13/32
 26107 | Lair:6   | Learned a level 2 spell: Shroud of Golubria
 27691 | Lair:7   | Reached skill level 14 in Stealth
 28015 | Lair:8   | Entered Level 8 of the Lair of Beasts
 28538 | Lair:7   | Reached skill level 5 in Short Blades
 28805 | Lair:7   | Reached skill level 5 in Fighting
 29856 | Lair:8   | Found a staircase to the Slime Pits.
 29866 | Lair:8   | Noticed Erica
 30156 | Lair:7   | Killed Erica
 30156 | Lair:7   | Reached XP level 15. HP: 103/103 MP: 26/34
 31646 | D:11     | Noticed Maurice
 31649 | D:11     | Killed Maurice
 31719 | D:11     | Noticed a centaur warrior
 31732 | D:11     | Killed a centaur warrior
 31732 | D:11     | Reached skill level 15 in Stealth
 32197 | D:11     | Found a staircase to the Orcish Mines.
 32725 | Orc:1    | Entered Level 1 of the Orcish Mines
 32942 | Orc:1    | Found Iseamp's Magic Scroll Emporium.
 32947 | Orc:1    | Noticed Dowan
 33217 | Orc:1    | Noticed Duvessa
 33218 | Orc:1    | Killed Dowan
 33232 | Orc:1    | Killed Duvessa
 33248 | Orc:1    | Found Rytaagop's Food Boutique.
 33272 | Orc:1    | Found Brorch's Magic Scroll Shoppe.
 33278 | Orc:1    | Found Azimoon's Antique Armour Shoppe.
 33283 | Orc:1    | Found Xuoqast's Distillery.
 33306 | Orc:1    | Noticed Eustachio
 33313 | Orc:1    | Killed Eustachio
 33387 | Orc:1    | Found a dark tunnel.
 33395 | Volcano  | Entered a volcano
 33574 | Volcano  | Learned a level 5 spell: Summon Mana Viper
 33645 | Volcano  | Found a bloodstained altar of Trog.
 33663 | Volcano  | Found a radiant altar of Vehumet.
 33716 | Orc:1    | Bought a pair of brightly glowing boots for 304 gold pieces
 33716 | Orc:1    | Bought a runed cloak for 144 gold pieces
 33721 | Orc:1    | Identified the cursed -1 pair of boots of Inference {+Blink Regen+ Str-4 Int+3} (You bought it in a shop on level 1 of the Orcish Mines)
 33752 | Orc:1    | Bought 2 potions of heal wounds for 150 gold pieces
 33752 | Orc:1    | Bought a potion of flight for 45 gold pieces
 33822 | Orc:1    | Bought a scroll of identify for 28 gold pieces
 33822 | Orc:1    | Bought a scroll of enchant armour for 105 gold pieces
 33972 | Orc:1    | Bought a scroll of enchant weapon for 105 gold pieces
 33972 | Orc:1    | Bought a scroll of identify for 28 gold pieces
 33972 | Orc:1    | Bought a scroll of identify for 28 gold pieces
 33972 | Orc:1    | Bought a scroll of identify for 28 gold pieces
 33972 | Orc:1    | Bought a scroll of enchant armour for 105 gold pieces
 33972 | Orc:1    | Bought a scroll of blinking for 105 gold pieces
 35142 | Orc:4    | Entered Level 4 of the Orcish Mines
 35216 | Orc:4    | Found a staircase to the Elven Halls.
 35228 | Orc:4    | Found Gimuitud's Food Boutique.
 35228 | Orc:4    | Found Mnaciafe's Assorted Antiques.
 35231 | Orc:4    | Found Plog's Magic Scroll Emporium.
 35231 | Orc:4    | Found Xihoer's Weapon Boutique.
 35901 | Orc:4    | Found Juengum's Weapon Emporium.
 36785 | D:11     | Noticed a manticore
 36796 | D:11     | Killed a manticore
 37235 | D:13     | Found a gate to the Vaults.
 38390 | D:13     | Reached XP level 16. HP: 109/109 MP: 32/35
 39247 | D:13     | Found Hofat's General Store.
 39574 | D:14     | Found a portal to a secret trove of treasure.
 39594 | D:14     | Reached skill level 16 in Stealth
 39647 | D:14     | Reached skill level 1 in Shields
 39788 | D:14     | Killed a seven-headed hydra
 39834 | D:14     | Noticed Louise
 39868 | D:14     | Killed Louise
 40261 | D:14     | Found a glowing silver altar of Zin.
 40619 | D:15     | Entered Level 15 of the Dungeon
 40743 | D:15     | Found a blossoming altar of Fedhas.
 40744 | D:15     | Found a deep blue altar of Sif Muna.
 40744 | D:15     | Found a blossoming altar of Fedhas.
 41149 | D:15     | Found a staircase to the Depths.
 41877 | D:15     | Reached XP level 17. HP: 116/116 MP: 32/37
 42018 | D:15     | Noticed a sphinx
 42051 | D:15     | Killed a sphinx
 42231 | D:15     | Reached skill level 10 in Dodging
 42565 | D:15     | Learned a level 5 spell: Gell's Gravitas
 42600 | D:15     | Noticed a sphinx
 42605 | D:15     | Cast into the Abyss (an ogre mage)
 42866 | Abyss:1  | Found a corrupted altar of Lugonu.
 42906 | Abyss:1  | Noticed a tentacled starspawn
 43062 | Abyss:1  | HP: 2/81 [hell hog (12)]
 43062 | Abyss:1  | Killed from afar by a hell hog

Action                   |  1- 3 |  4- 6 |  7- 9 | 10-12 | 13-15 | 16-18 || total
-------------------------+-------+-------+-------+-------+-------+-------++-------
Melee: Dagger            |   162 |   229 |   445 |  1021 |  1249 |   516 ||  3622
Throw: Tomahawk          |       |    14 |       |       |       |       ||    14
 Cast: Corona            |    15 |     5 |     2 |       |       |       ||    22
       Sure Blade        |     2 |    14 |    22 |    32 |    70 |    23 ||   163
       Ensorcelled Hiber |     8 |    22 |    83 |   210 |   441 |   166 ||   930
       Confuse           |       |       |    59 |    69 |    48 |    70 ||   246
       Dazzling Spray    |       |       |     9 |    32 |    26 |    12 ||    79
       Cause Fear        |       |       |       |     1 |     1 |       ||     2
       Invisibility      |       |       |       |       |     7 |     1 ||     8
       Shroud of Golubri |       |       |       |       |    27 |     7 ||    34
       Enslavement       |       |       |       |       |    24 |    12 ||    36
       Tukima's Dance    |       |       |       |       |       |     2 ||     2
       Summon Mana Viper |       |       |       |       |       |     2 ||     2
Evoke: Wand              |       |       |       |       |       |     1 ||     1
  Use: Scroll            |     1 |     3 |     5 |    19 |    24 |     3 ||    55
       Potion            |       |     3 |     2 |       |     7 |     6 ||    18
 Stab: Sleeping          |     4 |    18 |    49 |   139 |   284 |   103 ||   597
       Invisible         |       |     1 |     3 |     9 |    35 |     3 ||    51
       Confused          |       |       |    36 |    46 |    21 |    32 ||   135
       Distracted        |       |       |     2 |     4 |    13 |     2 ||    21
       Petrified         |       |       |       |     1 |     1 |       ||     2
       Betrayed ally     |       |       |       |       |       |     1 ||     1
  Eat: Bread ration      |     1 |     1 |     3 |     2 |     1 |     5 ||    13
       Chunk             |       |     5 |     4 |       |       |       ||     9
       Fruit             |       |       |     4 |     3 |    10 |       ||    17
       Pizza             |       |       |     1 |       |       |       ||     1
       Meat ration       |       |       |     1 |     4 |     6 |     1 ||    12
       Royal jelly       |       |       |     1 |       |     4 |       ||     5
       Beef jerky        |       |       |       |     3 |     4 |     1 ||     8
